AoeStats
← LucasOliveira98

Arabia

510431091Analyzed
1v1 RM · 17h ago on Oct 1, 2026· 38m 2s· 2 players
Game mode
Random Map
Map size
Tiny (2 player)
Population
200
Speed
Normal
Resources
Standard
Victory
Conquest
Starting age
Dark Age
Ending age
Imperial Age
RankedLock teamsTeams togetherTeam positionsShared explorationLock speedFull tech treeHidden civsTurbo modeCheats
Victory
Defeat
🇪🇸 Celts · Spain
857
+17
🇧🇷 Celts · Brazil
870
-17
lanto89w
4:09 Loom
10:39 Feudal Age
10:47 Man-at-Arms
15:40 Scale Mail Armor
20:23 Wheelbarrow
24:01 Castle Age
23:02 Horse Collar
23:26 Double-Bit Axe
24:31 Long Swordsman
29:16 Gold Mining
31:08 Husbandry
30:33 Light Cavalry
34:56 Scale Barding Armor
34:40 Town Watch
LucasOliveira98
6:08 Loom
9:48 Feudal Age
9:56 Man-at-Arms
14:48 Double-Bit Axe
25:03 Castle Age
23:19 Gold Mining
25:16 Crossbowman
26:07 Fletching
27:43 Bodkin Arrow
30:58 Padded Archer Armor
37:44 Gold Shaft Mining
37:24 Bow Saw
Connection lost

Rejoining the realm…

Still unreachable

The connection could not be restored.

Session expired

The server has moved on; the page needs a fresh start.